 Dungeon Crawl Stone Soup version 0.20.1-1-g8b1a95d (webtiles) character file.

10 LadyOphelia the Sneak (level 2, -5/14 HPs)
             Began as a Spriggan Assassin on Aug 13, 2017.
             Slain by Natasha (8 damage)
             ... on level 2 of the Dungeon.
             The game lasted 00:10:27 (682 turns).

LadyOphelia the Sneak (Spriggan Assassin)            Turns: 682, Time: 00:10:28

Health: -5/14      AC:  3    Str:  7    XL:     2   Next: 10%
Magic:  3/3        EV: 17    Int: 12    God:
Gold:   62         SH:  0    Dex: 17    Spells: 1/1 levels left

rFire    + . .     SeeInvis +   a - +2 dagger
rCold    x . .     Gourm    .   (shield restricted)
rNeg     . . .     Faith    .   c - +0 robe
rPois    .         Spirit   .   (helmet restricted)
rElec    .         Reflect  .   d - +0 cloak
rCorr    .         Harm     .   (gloves unavailable)
MR       .....                  (boots unavailable)
Stlth    +++.......             (no amulet)
Regen    0.1/turn               j - ring of fire
MPRegen  0.1/turn               n - +1 ring of slaying

@: slowed, quick
A: unfitting armour, see invisible, herbivore 3, speed 3, slow metabolism 2
a: no special abilities


You were on level 2 of the Dungeon.
You were not hungry.

You visited 1 branch of the dungeon, and saw 2 of its levels.

You collected 62 gold pieces.

Inventory:

Hand Weapons
 a - a +2 dagger (weapon)
 b - a +0 blowgun
Missiles
 e - 8 poisoned needles
 f - 2 curare-tipped needles
Armour
 c - a +0 robe (worn)
 d - a +0 cloak (worn)
Jewellery
 j - a ring of fire (left hand)
 n - a +1 ring of slaying (right hand)
Scrolls
 h - 3 scrolls of magic mapping {unknown}
 i - 3 scrolls of random uselessness {unknown}
 k - 2 scrolls of enchant weapon {unknown}
 l - a scroll of teleportation {unknown}
 m - a scroll of recharging {unknown}
 o - 2 scrolls of amnesia {unknown}
 p - a scroll of remove curse {unknown}
Potions
 q - 2 potions of lignification {unknown}
Comestibles
 g - a bread ration


   Skills:
 + Level 1.6 Fighting
 + Level 2.4 Short Blades
 + Level 2.0 Throwing
 + Level 1.7 Dodging
 + Level 6.4 Stealth


You had one spell level left.
You didn't know any spells.

Dungeon Overview and Level Annotations

Branches:
Dungeon (2/15)

Altars:
Qazlal
Ru
Vehumet
Xom

Annotations:
D:2 Natasha


Innate Abilities, Weirdness & Mutations

You are very small and have problems with some larger weapons.
You are too small for most types of armour.
You have supernaturally acute eyesight. (SInv)
You are a herbivore.
You cover ground extremely quickly.
You need consume almost no food.


Message History

Natasha is moderately wounded.
Natasha stares at you and mumbles some strange words.
The magic dart hits you! Natasha casts a spell at you.
You resist with some effort.
You hit Natasha.
Natasha is heavily wounded.
Natasha barely misses you.
You hit Natasha.
Natasha is heavily wounded.
Natasha closely misses you.
You hit Natasha but do no damage.
Natasha is heavily wounded.
Natasha closely misses you. Natasha claws you.
* * * LOW HITPOINT WARNING * * *
You hit Natasha.
Natasha is almost dead.
Natasha claws you!
Ouch! That really hurt!
You die...

#. #.......##.### #
#.######...# #.
#...####.#####
#.#####.#.##........
#.......#...._....##
#######....##.........#
...........##.........##
#......?.#(._..8.._...
...#.^##@................
.......h.##.#.#.........#
###...##.........._...###
#.. #.#..#.##....### #.
..###.#.##.#.)# .. ###
#†##.......# ## #.#
#.##.##.# ... #.##.##.#
#.. .....#


You could see Natasha.

Vanquished Creatures
  A dart slug (D:2)
  2 bats (D:1)
  A hobgoblin (D:1)
  A ball python (D:2)
  2 frilled lizards (D:2)
  3 kobolds
10 creatures vanquished.

Notes
Turn   | Place    | Note
-------+----------+-------------------------------------------
     0 | D:1      | LadyOphelia the Spriggan Assassin began the quest for the Orb.
     0 | D:1      | Reached XP level 1. HP: 10/10 MP: 2/2
   309 | D:1      | Reached skill level 6 in Stealth
   605 | D:2      | Reached XP level 2. HP: 14/14 MP: 3/3
   622 | D:2      | Found a radiant altar of Vehumet.
   623 | D:2      | Found a sacrificial altar of Ru.
   623 | D:2      | Found a stormy altar of Qazlal.
   625 | D:2      | Found a shimmering altar of Xom.
   668 | D:2      | Noticed Natasha
   682 | D:2      | Slain by Natasha

Skill      XL: |  1 |
---------------+----+-----
Stealth        | 6 |  6.4
Fighting       | |  1.6
Short Blades   | |  2.4
Throwing       | |  2.0
Dodging        | |  1.7

Action                   || total
-------------------------++-------
Melee: Dagger            ||    57
 Stab: Sleeping          ||     3
Armor: Robe              ||     5
Dodge: Dodged            ||     8
